 Dungeon Crawl Stone Soup version 0.31-a0-255-g9c3d1c461a (webtiles) character file.

Game seed: 13641629565489375210

3215 qw the Skirmisher (level 9, -1/79 HPs)
             Began as a Minotaur Hexslinger on July 12, 2023.
             Was an Initiate of Okawaru.
             Slain by a wight
             ... wielding a +4 dagger
              (8 damage)
             ... on level 8 of the Dungeon.
             The game lasted 00:02:19 (6220 turns).

qw the Skirmisher (Minotaur Hexslinger)             Turns: 6220, Time: 00:02:20

Health: -1/79      AC: 16    Str: 14    XL:     9   Next: 65%
Magic:  9/9        EV: 13    Int: 10    God:    Okawaru [......]
Gold:   1334       SH:  0    Dex: 16    Spells: 9/10 levels left

rFire   . . .        Y - +1 arbalest
rCold   . . .        (shield currently unavailable)
rNeg    . . .        k - +0 swamp dragon scales
rPois   +            (helmet restricted)
rElec   .            c - +0 cloak
rCorr   +            o - +0 pair of gloves
SInv    .            a - +0 pair of boots
Will    .....        (no amulet)
Stlth   +            j - +4 ring of protection
HPRegen 0.33/turn    i - ring of resist corrosion
MPRegen 0.11/turn

%: no passive effects
@: no status effects
A: horns 2, retaliatory headbutt
a: Renounce Religion


You were on level 8 of the Dungeon.
You worshipped Okawaru.
Okawaru was noncommittal.
You visited 2 branches of the dungeon, and saw 9 of its levels.

You collected 1364 gold pieces.
You spent 30 gold pieces at shops.


Innate Abilities, Weirdness & Mutations

You have a pair of horns on your head.
You reflexively headbutt those who attack you in melee.


   Skills:
 - Level 7.1 Fighting
 + Level 11.8 Ranged Weapons
 - Level 5.1 Armour
 - Level 5.0 Dodging
 - Level 1.0 Spellcasting
 - Level 2.0 Hexes


You had 9 spell levels left.
You knew the following spells:

 Your Spells              Type           Power      Damage    Failure   Level
a - Slow                  Hex            16%        N/A       28%         1

Your spell library contained the following spells:

 Spells                   Type           Power      Damage    Failure   Level
 Inner Flame              Hex/Fire       2%         N/A       78%         3
 Portal Projectile        Hex/Tloc       4%         N/A       78%         3
 Cause Fear               Hex            2%         N/A       96%         4

Inventory:

Hand Weapons
 Y - a +1 arbalest (weapon)
Armour
 a - a +0 pair of boots (worn)
 c - a +0 cloak (worn)
 k - +0 swamp dragon scales (worn)
 o - a +0 pair of gloves (worn)
Jewellery
 g - a ring of fire
 i - a ring of resist corrosion (right hand)
 j - a +4 ring of protection (left hand)
Scrolls
 m - a scroll of identify
Potions
 b - a potion of degeneration {unknown}
 d - 5 potions of enlightenment
 e - a potion of lignification {unknown}
 f - 2 potions of heal wounds
 h - 2 potions of curing
 n - a potion of haste

Dungeon Overview and Level Annotations

Branches:
Dungeon (8/15)             Temple (1/1) D:6
   Lair: D:8-11

Altars:
Ashenzari
Cheibriados
Dithmenos
Gozag
Hepliaklqana
Kikubaaqudgha
Makhleb
Nemelex Xobeh
Okawaru
Qazlal
Ru
Sif Muna
Trog
Uskayaw
Vehumet
Wu Jian
Xom
Yredelemnul
Zin

Shops:
D:1 !

Portals:
Bailey: D:7


Message History

The bolt hits the warg but does no damage.
The warg is almost dead.
The warg bites you. The warg barely misses you.
The warg bites you but does no damage. The warg barely misses you.
The warg bites you but does no damage. The wight misses you.
You furiously retaliate!
You headbutt the wight. The wight barely misses you.
The orc wizard points at you and mumbles some strange words.
The puff of flame hits you. The warg bites you but does no damage.
You shoot a bolt. The bolt completely misses the warg.
The warg bites you but does no damage. The warg misses you.
The warg barely misses you. You furiously retaliate!
You headbutt the warg. The wight barely misses you.
The wight hits you but does no damage. The orc wizard misses you.
The warg bites you. The warg barely misses you. The warg bites you!
You shoot a bolt. The bolt barely misses the warg.
The orc wizard points at you and mumbles some strange words.
You easily resist.
The warg barely misses you. The warg closely misses you.
The wight hits you with a +0 long sword!
The wight hits you but does no damage.
A wight comes into view. It is wielding a +2 battleaxe.
The warg misses you. The warg closely misses you.
The orc wizard barely misses you. You furiously retaliate!
You headbutt the orc wizard! The wight hits you but does no damage.
The wight barely misses you. You furiously retaliate!
You headbutt the wight, but do no damage.
The warg barely misses you.
You shoot a bolt.
The bolt hits the warg but does no damage.
The warg is severely wounded.
The warg bites you but does no damage. The warg misses you.
The warg bites you but does no damage. The warg bites you.
The wight completely misses you. The wight closely misses you. x2
The orc wizard barely misses you. The warg closely misses you.
The warg barely misses you. You furiously retaliate!
You headbutt the warg! You shoot a bolt. The bolt misses the warg.
The warg bites you. The orc wizard barely misses you.
The wight hits you with a +0 long sword!
The wight hits you from afar with a +3 spear!
The wight hits you with a +4 dagger!
You die...

.##... ........# .#
.. ........### .# .
...o ..........## .>
P..) #..........#
...z. #......#...##
....####o.....#....#
##...$.......#.##..##
....#.zzhz..##..#..##
.....#.h@...##......#
.......oh...#...#..##
......##........#.###
....................#
.........##..#.....##
........###.##..#.##
#.......##...#..###
###.#...####...##.##
...###..##........#


You could see 3 wargs, 4 wights and 2 orc wizards.

Vanquished Creatures
  Maggie (D:6)
  Grinder (D:6)
  Sigmund (D:3)
  A wyvern (D:6)
  Duvessa (D:5)
  An orc warrior (D:6)
  A water moccasin (D:6)
  An ice beast (D:6)
  A black bear (D:5)
  An ogre (D:5)
  3 phantoms
  Blork the orc (D:6)
  3 bullfrogs
  5 scorpions
  A wight (D:8)
  Dowan (D:5)
  2 jellies (D:5)
  A lava snake (D:7)
  3 hounds
  11 orc priests
  An iguana (D:5)
  10 orc wizards
  4 gnolls (D:6)
  2 adders
  A shadow imp (D:6)
  A white imp (D:6)
  An ufetubus (D:5)
  2 worms
  2 dart slugs
  41 orcs
  5 endoplasms
  5 giant cockroaches
  10 goblins
  4 hobgoblins
  6 jackals
  3 kobolds
  5 quokkas
  7 ball pythons
  6 bats
  A frilled lizard (D:2)
  5 rats
163 creatures vanquished.

Notes
Turn   | Place    | Note
-------+----------+-------------------------------------------
     0 | D:1      | qw the Minotaur Hexslinger began the quest for the Orb.
     0 | D:1      | Reached XP level 1. HP: 16/16 MP: 1/1
     0 | D:1      | 0 ||| qw: Version: 0.3-a-52-g30416fa
     0 | D:1      | 0 ||| qw: Game counter: 6649
     0 | D:1      | 0 ||| qw: Melee chars always use a shield: true
     0 | D:1      | 0 ||| qw: God list: Okawaru
     0 | D:1      | 0 ||| qw: Allow faded altars: false
     0 | D:1      | 0 ||| qw: Do Orc after clearing Dungeon:15 true
     0 | D:1      | 0 ||| qw: Do second Lair branch before Depths: true
     0 | D:1      | 0 ||| qw: Lair rune preference: random
     0 | D:1      | 0 ||| qw: Goals: Normal
     0 | D:1      | 0 ||| PLANNING D:1-11
    76 | D:1      | Found a faded altar of an unknown god.
   218 | D:1      | Reached skill level 3 in Ranged Weapons
   218 | D:1      | Reached XP level 2. HP: 23/23 MP: 2/2
   614 | D:1      | Found Dubeit's Distillery.
   620 | D:1      | 620 ||| BUYING potion of curing (30 gold).
   620 | D:1      | Bought a potion of curing for 30 gold pieces
   620 | D:1      | 620 ||| SHOPLISTING potion of might (40 gold, have 5).
   872 | D:1      | 872 ||| UPGRADING to +0 leather armour.
   882 | D:1      | 882 ||| DROPPING +0 robe.
   883 | D:1      | 883 ||| DRINKING 2 ruby potions.
   884 | D:1      | 884 ||| DROPPING scroll of poison.
   994 | D:2      | Reached XP level 3. HP: 29/29 MP: 3/3
  1022 | D:2      | Found a hide-covered altar of Uskayaw.
  1199 | D:2      | Reached skill level 4 in Ranged Weapons
  1436 | D:2      | 1436 ||| UPGRADING to +0 ring mail.
  1446 | D:2      | 1446 ||| DROPPING +0 leather armour.
  1447 | D:2      | 1447 ||| UPGRADING to +4 ring of protection.
  1448 | D:2      | 1448 ||| READING scroll labelled ELUAHO WUNO.
  1449 | D:2      | 1449 ||| READING scroll labelled MECVOET XIDOJI.
  1569 | D:3      | 1569 ||| SWAPPING to +0 arbalest.
  1570 | D:3      | 1570 ||| DROPPING +1 sling.
  1592 | D:3      | Reached skill level 1 in Armour
  1617 | D:3      | 1617 ||| Stepping ~*~*~tactically~*~*~ (outnumbered).
  1619 | D:3      | 1619 ||| Stepping ~*~*~tactically~*~*~ (outnumbered).
  1627 | D:3      | Reached XP level 4. HP: 22/36 MP: 4/4
  1628 | D:3      | HP: 3/36 [orc priest/divine providence (10)]
  1629 | D:3      | 1629 ||| DRINKING 4 potions of heal wounds.
  1632 | D:3      | Reached skill level 5 in Ranged Weapons
  1847 | D:3      | Noticed Sigmund
  1850 | D:3      | Killed Sigmund
  1851 | D:3      | Reached XP level 5. HP: 48/48 MP: 5/5
  1851 | D:3      | Reached XP level 6. HP: 56/56 MP: 6/6
  1925 | D:3      | Found a stormy altar of Qazlal.
  1926 | D:3      | Found a sacrificial altar of Ru.
  1926 | D:3      | Found a hazy altar of Hepliaklqana.
  1927 | D:3      | Found a snail-covered altar of Cheibriados.
  1979 | D:3      | 1979 ||| READING scroll labelled ADISI XUECKEDO.
  1980 | D:3      | 1980 ||| READING scroll labelled ZOCRAH APOXTO.
  1981 | D:3      | 1981 ||| DRINKING 2 sedimented brown potions.
  2086 | D:4      | 2086 ||| Stepping ~*~*~tactically~*~*~ (outnumbered).
  2093 | D:4      | 2093 ||| FLEEEEING.
  2095 | D:4      | 2095 ||| FLEEEEING.
  2096 | D:4      | 2096 ||| FLEEEEING.
  2374 | D:4      | Reached skill level 6 in Ranged Weapons
  2675 | D:4      | 2675 ||| UPGRADING to +0 pair of boots.
  2680 | D:4      | 2680 ||| UPGRADING to +0 cloak.
  2685 | D:4      | 2685 ||| READING scroll labelled ELED YHUTU.
  2686 | D:4      | 2686 ||| READING scroll labelled SYJANY WUCKE.
  2787 | D:4      | 2787 ||| READING scroll labelled ZAOQUK YFYGUPIH.
  2788 | D:4      | 2788 ||| READING scroll labelled QOFOCH QAREGH.
  2792 | D:4      | 2792 ||| READING scroll labelled DEIHAO WEUPP.
  2792 | D:4      | Identified a scroll of acquirement
  2792 | D:4      | 2792 ||| ACQUIRING 975 gold pieces
  2792 | D:4      | Acquired 975 gold pieces
  2794 | D:4      | 2794 ||| READING 2 scrolls of identify.
  2794 | D:4      | 2794 ||| IDENTIFYING glowing amethyst potion
  2795 | D:4      | 2795 ||| DROPPING potion of invisibility.
  2818 | D:5      | Entered Level 5 of the Dungeon
  2871 | D:5      | HP: 13/56 [phantom (2)]
  2872 | D:5      | 2872 ||| DRINKING 4 potions of heal wounds.
  2874 | D:5      | Reached skill level 7 in Ranged Weapons
  2874 | D:5      | Reached XP level 7. HP: 38/61 MP: 7/7
  3059 | D:5      | Reached skill level 8 in Ranged Weapons
  3153 | D:5      | Found an ancient bone altar of Kikubaaqudgha.
  3184 | D:5      | 3184 ||| FLEEEEING.
  3185 | D:5      | 3185 ||| FLEEEEING.
  3186 | D:5      | 3186 ||| FLEEEEING.
  3187 | D:5      | 3187 ||| FLEEEEING.
  3188 | D:5      | 3188 ||| FLEEEEING.
  3189 | D:5      | 3189 ||| FLEEEEING.
  3190 | D:5      | 3190 ||| FLEEEEING.
  3191 | D:5      | 3191 ||| FLEEEEING.
  3384 | D:5      | Reached XP level 8. HP: 68/68 MP: 8/8
  3414 | D:5      | Noticed Duvessa
  3414 | D:5      | Noticed Dowan
  3423 | D:5      | Killed Duvessa
  3424 | D:5      | Reached skill level 9 in Ranged Weapons
  3425 | D:5      | Killed Dowan
  3641 | D:5      | Reached skill level 6 in Fighting
  3642 | D:5      | 3642 ||| FLEEEEING.
  3643 | D:5      | 3643 ||| FLEEEEING.
  3644 | D:5      | 3644 ||| FLEEEEING.
  3645 | D:5      | 3645 ||| FLEEEEING.
  3646 | D:5      | 3646 ||| FLEEEEING.
  3647 | D:5      | 3647 ||| FLEEEEING.
  3648 | D:5      | 3648 ||| FLEEEEING.
  3649 | D:5      | 3649 ||| FLEEEEING.
  3650 | D:5      | 3650 ||| FLEEEEING.
  3651 | D:5      | 3651 ||| FLEEEEING.
  3652 | D:5      | 3652 ||| FLEEEEING.
  3653 | D:5      | 3653 ||| FLEEEEING.
  3711 | D:5      | 3711 ||| FLEEEEING.
  3712 | D:5      | 3712 ||| FLEEEEING.
  3713 | D:5      | 3713 ||| FLEEEEING.
  3714 | D:5      | 3714 ||| FLEEEEING.
  3715 | D:5      | 3715 ||| FLEEEEING.
  3716 | D:5      | 3716 ||| FLEEEEING.
  3717 | D:5      | 3717 ||| FLEEEEING.
  3718 | D:5      | 3718 ||| FLEEEEING.
  3719 | D:5      | 3719 ||| FLEEEEING.
  3720 | D:5      | 3720 ||| FLEEEEING.
  3721 | D:5      | 3721 ||| FLEEEEING.
  3722 | D:5      | 3722 ||| FLEEEEING.
  3723 | D:5      | 3723 ||| FLEEEEING.
  3724 | D:5      | 3724 ||| FLEEEEING.
  3725 | D:5      | 3725 ||| FLEEEEING.
  3726 | D:5      | 3726 ||| FLEEEEING.
  3727 | D:5      | 3727 ||| FLEEEEING.
  3731 | D:5      | 3731 ||| STAIRDANCE
  3788 | D:4      | 3788 ||| READING scroll labelled YXAYCACH PICZE.
  3795 | D:5      | 3795 ||| DRINKING 3 potions of curing.
  3795 | D:5      | 3795 ||| (to cure confusion)
  3796 | D:5      | 3796 ||| Stepping ~*~*~tactically~*~*~ (outnumbered).
  3805 | D:5      | Reached skill level 3 in Dodging
  3954 | D:5      | 3954 ||| DRINKING 2 potions of curing.
  3954 | D:5      | 3954 ||| (to cure confusion)
  3956 | D:5      | 3956 ||| DRINKING potion of curing.
  3956 | D:5      | 3956 ||| (to cure confusion)
  4236 | D:5      | 4236 ||| READING scroll labelled SAYL IXOOL.
  4279 | D:6      | Noticed Grinder
  4283 | D:6      | Reached skill level 10 in Ranged Weapons
  4287 | D:6      | Killed Grinder
  4434 | D:6      | Reached XP level 9. HP: 79/79 MP: 9/9
  4474 | D:6      | 4474 ||| FLEEEEING.
  4475 | D:6      | 4475 ||| FLEEEEING.
  4476 | D:6      | 4476 ||| FLEEEEING.
  4479 | D:6      | 4479 ||| FLEEEEING.
  4480 | D:6      | 4480 ||| FLEEEEING.
  4481 | D:6      | 4481 ||| FLEEEEING.
  4482 | D:6      | 4482 ||| STAIRDANCE
  4619 | D:6      | HP: 18/79 [orc priest/+0 morningstar (7)]
  4620 | D:6      | 4620 ||| DRINKING 3 potions of heal wounds.
  4622 | D:6      | Reached skill level 11 in Ranged Weapons
  4623 | D:6      | 4623 ||| DRINKING 2 potions of heal wounds.
  4761 | D:6      | Noticed Maggie
  4771 | D:6      | Killed Maggie
  4974 | D:6      | Found a staircase to the Ecumenical Temple.
  4975 | D:6      | 4975 ||| PLANNING TEMPLE
  4975 | D:6      | 4975 ||| UPGRADING to +0 swamp dragon scales.
  4985 | D:6      | 4985 ||| DROPPING +0 ring mail.
  4994 | Temple   | Entered the Ecumenical Temple
  5006 | Temple   | 5006 ||| PLANNING OKAWARU WORSHIP
  5161 | Temple   | Became a worshipper of Warmaster Okawaru
  5162 | Temple   | 5162 ||| PLANNING D:1-11
  5350 | D:6      | Noticed Blork the orc
  5355 | D:6      | Killed Blork the orc
  5445 | D:6      | 5445 ||| UPGRADING to ring of resist corrosion.
  6043 | D:7      | Found a flagged portal.
  6059 | D:7      | 6059 ||| UPGRADING to +0 pair of gloves.
  6064 | D:7      | 6064 ||| READING scroll labelled LESANUS IRUHA.
  6211 | D:8      | 6211 ||| Stepping ~*~*~tactically~*~*~ (outnumbered).
  6220 | D:8      | HP: 15/79 [wight/+0 long sword (10)]
  6220 | D:8      | HP: 7/79 [wight/+3 spear (8)]
  6220 | D:8      | Slain by a wight

Levels and vault maps discovered:
D:1:      matt_arrival_los_fun, layout_basic, serial_shops, nicolae_shop_trees,
          ebering_ecumenical_altar_hall
D:2:      layout_loops_ring, basic_altar
D:3:      layout_basic, chequers_temple_overflow_statue_of_worship,
          minmay_misc_feat_chi, uniq_sigmund
D:4:      layout_basic, grunt_ministairs_1
D:5:      layout_basic, mainiacjoe_overflow_small_starburst,
          roderic_serpentine_path, uniq_duvessa
D:6:      layout_rooms, minmay_temple_entry_water_ring, dk_rats_in_the_wall,
          uniq_grinder, uniq_blork_the_orc, uniq_maggie
D:7:      layout_rooms, enter_bailey_3, skrybe_limestone_x,
          dreamdust_mushroom_princess, kennysheep_pointless_box
D:8:      layout_cave_pools, erik_lair_orcish_takeover,
          minmay_fractal_squares_gapless_5
Temple:   nicolae_temple_bog_church

Skill      XL: |  1  2  3  4  5  6  7  8  9 |
---------------+----------------------------+-----
Ranged Weapons | 3 4 5 7 8 10 11 | 11.8
Fighting       | 2 5 7 |  7.1
Armour         | 1 2 4 5 |  5.1
Dodging        | 3 5 |  5.0
Spellcasting   | |  1.0
Hexes          | |  2.0

Action                     |  1- 3 |  4- 6 |  7- 9 || total
---------------------------+-------+-------+-------++-------
   Fire: Sling             |   100 |       |       ||   100
         Arbalest          |    16 |    74 |   268 ||   358
    Use: Potion            |     1 |     3 |     5 ||     9
         Scroll            |     2 |     8 |     3 ||    13
 Armour: Robe              |     2 |       |       ||     2
         Ring mail         |     5 |    28 |    68 ||   101
         Leather armour    |     2 |       |       ||     2
         Swamp dragon scal |       |       |    16 ||    16
  Dodge: Dodged            |    41 |    53 |   158 ||   252

Table legend:
 A = Non-vault XP
 B = Vault XP
 C = Vault XP percentage of total XP
 D = Non-vault monster count
 E = Vault monster count
 F = Vault count percentage of total count
                 A         B        C        D         E       F
            +---------+---------+-------+---------+---------+-------
      Total |    3294 |    1300 |  28.3 |     150 |      13 |   8.0
            +---------+---------+-------+---------+---------+-------
        D:1 |      33 |       0 |   0.0 |      17 |       0 |   0.0
        D:2 |      34 |       0 |   0.0 |      18 |       0 |   0.0
        D:3 |     119 |     231 |  66.0 |      17 |       1 |   5.6
        D:4 |     141 |      93 |  39.7 |      16 |       2 |  11.1
        D:5 |    1267 |     209 |  14.2 |      39 |       2 |   4.9
        D:6 |    1273 |     756 |  37.3 |      27 |       3 |  10.0
        D:7 |     309 |       8 |   2.5 |      10 |       4 |  28.6
        D:8 |     118 |       3 |   2.5 |       6 |       1 |  14.3
            +---------+---------+-------+---------+---------+-------
